 Dungeon Crawl Stone Soup version 0.19.1-1-g22dce08 (webtiles) character file.

42 RichardSteel the Shooter (level 3, -2/25 HPs)
             Began as a High Elf Hunter on Jan 13, 2017.
             Slain by an adder (4 damage)
             ... on level 2 of the Dungeon.
             The game lasted 00:09:36 (1037 turns).

RichardSteel the Shooter (High Elf Hunter)          Turns: 1037, Time: 00:09:37

Health: -2/25      AC: 13    Str: 11    XL:     3   Next: 35%
Magic:  4/4        EV:  5    Int: 14    God:
Gold:   68         SH:  0    Dex: 17    Spells: 0 memorised, 2 levels left

rFire  . . .     SeeInvis .     a - +1 shortbow
rCold  . . .     Gourm    .     x - +3 chain mail
rNeg   . . .     Faith    .     (shield currently unavailable)
rPois  .         Spirit   .     D - +0 helmet
rElec  .         Reflect  .     z - +0 cloak
rCorr  .         Harm     .     (no gloves)
MR     .....                    (no boots)
Stlth  ..........               (no amulet)
                                (no ring)
                                (no ring)

@: lethally poisoned (-2 -> -4)
A: no striking features
a: no special abilities


You were on level 2 of the Dungeon.
You were not hungry.

You visited 1 branch of the dungeon, and saw 2 of its levels.

You collected 68 gold pieces.

Inventory:

Hand Weapons
 a - a +1 shortbow (weapon)
 b - a +0 short sword
 e - a +0 dagger
 g - a +0 hunting sling
 i - a +1 dagger of freezing
 m - a +0 dagger
 q - a +0 whip
 r - a +0 club
 s - a +0 short sword
 t - a +0 dagger
 v - a +0 dagger
 A - a +0 dagger
 B - a +0 club
 C - a +0 hunting sling
Missiles
 p - 47 stones (quivered)
 w - 6 javelins
 y - 17 sling bullets
 H - 21 bolts
Armour
 c - a +0 leather armour
 x - a +3 chain mail (worn)
 z - a +0 cloak (worn)
 D - a +0 helmet (worn)
Scrolls
 k - 2 scrolls of immolation {unknown}
 l - a scroll of random uselessness {unknown}
 n - a scroll of fear {unknown}
 u - 2 scrolls of identify {unknown}
 E - a scroll of teleportation {unknown}
Potions
 o - a potion of resistance {unknown}
 F - a potion of curing {unknown}
 G - 2 potions of brilliance {unknown}
 I - a potion of berserk rage {unknown}
Comestibles
 f - a bread ration
 h - a meat ration
 j - a chunk of flesh


   Skills:
 + Level 2.4 Fighting
 + Level 6.1 Bows
 + Level 0.6 Armour
 + Level 2.3 Dodging
 + Level 1.5 Stealth


You had 2 spell levels left.
You didn't know any spells.

Dungeon Overview and Level Annotations

Branches:
Dungeon (2/15)

Altars:


Message History

The adder is almost dead.
* * * LOW HITPOINT WARNING * * *
You feel sick.
The adder bites you but does no damage. x2
The adder bites you but does no damage.
* * * LOW HITPOINT WARNING * * *
You feel sick.
* * * LOW HITPOINT WARNING * * *
You feel sick. The adder bites you but does no damage.
Some of the chunks of flesh in your inventory have rotted away.
* * * LOW HITPOINT WARNING * * *
You feel sick. The adder barely misses you.
* * * LOW HITPOINT WARNING * * *
You feel sick. The adder bites you but does no damage.
Throwing (i - inventory. (,) - cycle):
p - 48 stones (quivered)
Press: ? - help, Shift-Dir - straight line, f/p - adder
Aim: an adder (almost dead)
You throw a stone. The stone misses the adder.
The adder bites you.
You die...

.......รท###...........#
#.. #.#
.....^........#.##..#>.#
#. #.#
..........#####.##.##
###. #.# ........###
#.##.# .... ##.#
........#
#.##.######...##..#
........#
#...........#......
........#
#..................
........#
###................##
.......## #...@S.....(#
###... #.....##
#.##<.......# #.##
####### #...........#
#..> #...##........#
###).# #..###........#
##....# #..#
#........###..#.## ...
###.#######..##..# ...#
#.# ##..####.. #.# #..##
#.


You could see an adder.

Vanquished Creatures
  3 worms (D:2)
  3 leopard geckos
  6 goblins
  2 hobgoblins (D:1)
  4 bats (D:1)
  A frilled lizard (D:1)
  8 kobolds
  5 rats
32 creatures vanquished.

Notes
Turn   | Place    | Note
-------+----------+-------------------------------------------
     0 | D:1      | RichardSteel the High Elf Hunter began the quest for the Orb.
     0 | D:1      | Reached XP level 1. HP: 14/14 MP: 2/2
   184 | D:1      | Reached XP level 2. HP: 19/19 MP: 3/3
   729 | D:2      | Reached skill level 6 in Bows
   733 | D:2      | Reached XP level 3. HP: 25/25 MP: 4/4
  1035 | D:2      | HP: 1/25 [poisoned by an adder]
  1037 | D:2      | Slain by an adder

Skill      XL: |  1  2 |
---------------+-------+-----
Bows           | 6 |  6.1
Fighting       | |  2.4
Armour         | |  0.6
Dodging        | |  2.3
Stealth        | |  1.5

Action                   || total
-------------------------++-------
Melee: Shortbow          ||     5
 Fire: Shortbow          ||    87
Throw: Stone             ||     5
Armor: Leather armour    ||     3
       Chain mail        ||    41
Dodge: Dodged            ||    29
